 Dungeon Crawl Stone Soup version 0.30-a0-358-g0d69a1922f (webtiles) character file.

Game seed: 16326567974564212826

285 MrRokkomies the Slasher (level 6, -1/56 HPs)
             Began as a Meteoran Cinder Acolyte on Nov 10, 2022.
             Was a High Priest of Ignis.
             Killed from afar by an orc wizard (10 damage)
             ... with a magic dart
             ... on level 5 of the Dungeon.
             The game lasted 00:04:02 (1457 turns).

MrRokkomies the Slasher (Meteoran Cinder Acolyte)   Turns: 1457, Time: 00:04:02

Health: -1/56      AC: 15    Str: 20    XL:     6   Next: 86%
Magic:  9/9        EV: 10    Int: 16    God:    Ignis [*****.]
Gold:   112        SH:  0    Dex: 11    Spells: 7/7 levels left

rFire   + . .      SeeInvis .    a - -1 falchion (flame)
rCold   . . .      Faith    .    (no shield)
rNeg    . . .      Spirit   .    i - +1 scale mail "Ihuomigizaa" {rCorr Str+4}
rPois   .          Reflect  .    e - +0 helmet
rElec   .          Harm     .    (no cloak)
rCorr   +          Rampage  .    (no gloves)
Will    .....                    (no boots)
Stlth   ..........               (no amulet)
HPRegen 0.29/turn                (no ring)
MPRegen 0.11/turn                (no ring)

@: fiery-armoured, glowing
A: sense surroundings 1, otherworldly, glowing, explore regen
a: Renounce Religion, Fiery Armour, Foxfire Swarm, Rising Flame


You were on level 5 of the Dungeon.
You worshipped Ignis.
Ignis was extremely pleased with you.
You visited 1 branch of the dungeon, and saw 5 of its levels.

You collected 140 gold pieces.
You spent 28 gold pieces at shops.

Inventory:

Hand Weapons
 a - a -1 falchion of flaming (weapon)
 b - a +0 sling
Missiles
 c - 10 poisoned darts (quivered)
Armour
 e - a +0 helmet (worn)
 i - the +1 scale mail "Ihuomigizaa" (worn) {rCorr Str+4}
   (You found it on level 3 of the Dungeon)

   Str:       It affects your strength (+4).
   rCorr:     It protects you from acid and corrosion.
Jewellery
 f - a ring of protection from cold
Scrolls
 g - a scroll of fear {unknown}
Potions
 d - a potion of lignification
 h - a potion of cancellation {unknown}


   Skills:
 * Level 5.0 Fighting
 * Level 5.6 Long Blades
 + Level 2.6 Dodging
 - Level 1.3 Spellcasting
 + Level 4.7 Fire Magic


You had 7 spell levels left.
You didn't know any spells.
Your spell library contained the following spells:

 Spells                   Type           Power      Damage    Failure   Level
 Scorch                   Fire           32%        2d6       14%         2


Dungeon Overview and Level Annotations

Branches:
Dungeon (5/15) Zot: 1526
 Temple: D:4-7

Altars:
Ashenzari
Ru
Wu Jian

Shops:
D:3 ?

Annotations:
D:4 Dowan, Duvessa
D:5 Grinder


Innate Abilities, Weirdness & Mutations

You passively map a small area around you.
You are easily found by Zot.
You glow in the dark.
You regain HP and MP as you explore.


Message History

The orc wizard hits you with a +0 dagger.
Something hits you but does no damage.
Grinder says, "There's only one good use for a tongue: cutting it out."
Grinder hits you.
You hit something but do no damage. The scorpion stings you.
The orc wizard barely misses you. Grinder barely misses you.
Something hits you.
Unknown command.
A protective cloak of flame settles atop you.
The scorpion stings you but does no damage.
The orc wizard hits you but does no damage.
The orc wizard is burned by your cloak of flames.
The orc wizard is moderately wounded.
Something hits you. Grinder hits you!
* * * LOW HITPOINT WARNING * * *
Grinder is burned by your cloak of flames.
Grinder is lightly wounded.
You hit the orc wizard but do no damage.
The orc wizard is moderately wounded.
The scorpion barely misses you.
The orc wizard gestures at you while chanting.
The magic dart hits you but does no damage.
Something hits you but does no damage. Grinder hits you.
* * * LOW HITPOINT WARNING * * *
You writhe in agony.
* * * LOW HITPOINT WARNING * * *
The scorpion stings you but does no damage.
The scorpion is burned by your cloak of flames.
The scorpion is moderately wounded.
You closely miss the orc wizard.
The orc wizard is moderately wounded.
The scorpion stings you but does no damage.
The scorpion is burned by your cloak of flames.
The scorpion is moderately wounded.
The orc wizard gestures wildly while chanting.
The orc wizard flickers and vanishes!
You hear some strange, mumbled words.
A magic dart appears from out of thin air!
The magic dart hits you!
You die...

, , #### *
... ,
###{######
*
#s@5......,
###{######
*.# *.# *.#
.# *, .# .#
* ,


You could see Grinder and a scorpion.

Vanquished Creatures
  Sigmund (D:2)
  Robin (D:3)
  6 adders
  2 worms
  A dart slug (D:3)
  An orc (D:3)
  2 endoplasms (D:1)
  3 giant cockroaches
  10 goblins
  5 hobgoblins
  3 jackals (D:1)
  2 kobolds
  3 bats
  A frilled lizard (D:2)
  4 rats
45 creatures vanquished.

Vanquished Creatures (others)
  A goblin (D:3)
1 creature vanquished.

Grand Total: 46 creatures vanquished

Notes
Turn   | Place    | Note
-------+----------+-------------------------------------------
     0 | D:1      | MrRokkomies the Meteoran Cinder Acolyte began the quest for
                  | the Orb.
     0 | D:1      | Reached XP level 1. HP: 19/19 MP: 3/3
    70 | D:1      | Reached XP level 2. HP: 26/26 MP: 5/5
   418 | D:1      | Reached XP level 3. HP: 19/31 MP: 6/6
   450 | D:2      | Found an ornate altar of the Wu Jian Council.
   460 | D:2      | Reached skill level 1 in Dodging
   507 | D:2      | You fall into a shaft and drop 1 floor!
   507 | D:3      | Found Loiz's Magic Scroll Shop.
   509 | D:3      | Bought a scroll of identify for 28 gold pieces
   618 | D:3      | Reached XP level 4. HP: 40/40 MP: 7/7
   715 | D:2      | Noticed Sigmund
   734 | D:2      | Killed Sigmund
   735 | D:2      | Reached skill level 5 in Long Blades
   735 | D:2      | Reached XP level 5. HP: 32/47 MP: 8/8
   735 | D:2      | Reached XP level 6. HP: 38/55 MP: 9/9
   901 | D:3      | Reached skill level 5 in Fighting
   908 | D:3      | Identified the +1 scale mail "Ihuomigizaa" {rCorr Str+4}
   948 | D:3      | Noticed Robin
   972 | D:3      | Killed Robin
  1364 | D:3      | Found a sacrificial altar of Ru.
  1367 | D:3      | Found a broken altar of Ashenzari.
  1441 | D:4      | Noticed Duvessa
  1441 | D:4      | Noticed Grinder
  1441 | D:4      | Noticed Dowan
  1451 | D:5      | Entered Level 5 of the Dungeon
  1457 | D:5      | Killed from afar by an orc wizard

Illustrated notes

Levels and vault maps discovered:
D:1:      lemuel_arrival_river_ford, layout_basic, amcnicky_mini_pool_small,
          chequers_serial_rivers_marsh, nicolae_concentric_dashed_squares_wild,
          minmay_liquid_box
D:2:      layout_rooms, basic_altar, uniq_sigmund
D:3:      layout_basic, nicolae_overflow_hidden_temple, serial_shops,
          nicolae_shop_crystal, uniq_robin
D:4:      kennysheep_big_flooded_room, layout_cave_pools, elyvilon_altar_1,
          chequers_temple_overflow_statue_of_worship,
          kennysheep_generic_room_11, uniq_crazy_yiuf_cottage, uniq_duvessa,
          uniq_grinder
D:5:      layout_basic, mainiacjoe_overflow_six_doors_small, temple_fountains,
          serial_shops, shop, gammafunk_ghost_abyssal_escape

Skill      XL: |  1  2  3  4  5  6 |
---------------+-------------------+-----
Long Blades    | 4 5 |  5.6
Dodging        | 1 2 |  2.6
Fire Magic     | 4 |  4.7
Fighting       | 4 5 |  5.0
Spellcasting   | |  1.3

Action                   |  1- 3 |  4- 6 || total
-------------------------+-------+-------++-------
Melee: Falchion          |    83 |   102 ||   185
       Punch             |     2 |     1 ||     3
Throw: Dart              |       |     2 ||     2
Invok: Fiery Armour      |     1 |     2 ||     3
  Use: Scroll            |     1 |     1 ||     2
Armor: Robe              |    11 |       ||    11
       Scale mail        |    15 |    83 ||    98
Dodge: Dodged            |    38 |    49 ||    87

Table legend: (Time is in decaauts)
 A = Elapsed time spent in this place.
 B = Non-inter-level travel time spent in this place.
 C = Inter-level travel time spent in this place.
 D = Time resting spent in this place.
 E = Time spent auto-exploring this place.
 F = Levels seen in this place.
 G = Mean time per level.
                   A        B        C        D        E       F      G
               +--------+--------+--------+--------+--------+-----+--------+
         Total |   1472 |   1355 |    117 |      0 |    683 |   5 |  294.4 |
       Dungeon |   1472 |   1355 |    117 |      0 |    683 |   5 |  294.4 |
               +--------+--------+--------+--------+--------+-----+--------+

Top non-repeatable levels by time:
     D:3: 785 daAuts
     D:1: 460 daAuts
     D:2: 209 daAuts
     D:4: 10 daAuts
     D:5: 5 daAuts
